cohdb
Replays
Latest Replays
All Replays
Popular Replays
Top Player Replays
Match Explorer
How It Works
Community
CoH3 Stats
Reddit
Sign in to upload your games and track your stats! →
Sign in with Steam
Match 41534791
Unlisted
Match 41534791
Overview
Messages
Build Orders
End
Panzergrenadier Squad
Selects Italian Infantry
Panzergrenadier Squad
Panzergrenadier Squad
Construct Light Support Kompanie
Fire Support Elements
2.5-tonne Medical Truck
Veteran Squad Leaders
Selects Guastatori Squad
Guastatori Squad
!Yes, I Still Hating My Mates31
ブリツア
Red
-=Thrawn=-
湾仔领导
Obung
Parmenides
CuteBaguettE
0
0
Comments
sign in to comment!
No comments posted yet!